 Dungeon Crawl Stone Soup version 0.30.1-9-gdf580d7c3d (webtiles) character file.

Game seed: 4753204582495312374

7378 ringo67 the Fighter (level 10, -1/84 HPs)
             Began as a Mummy Fighter on Oct 2, 2023.
             Was a Believer of Nemelex Xobeh.
             Slain by Snorg (2 damage)
             ... on level 9 of the Dungeon.
             The game lasted 00:25:56 (9291 turns).

ringo67 the Fighter (Mummy Fighter)                 Turns: 9291, Time: 00:25:58

Health: -1/84      AC: 17    Str: 21    XL:     10   Next: 92%
Magic:  12/12      EV:  5    Int: 11    God:    Nemelex Xobeh [**....]
Gold:   261        SH:  9    Dex: 11    Spells: 9/9 levels left

rFire   x . .        n - +6 shillelagh "Devastator" {shatter}
rCold   + . .        a - +0 kite shield
rNeg    + + +        u - +0 plate armour
rPois   ∞            (no helmet)
rElec   .            (no cloak)
rCorr   .            (no gloves)
SInv    .            (no boots)
Will    +....        (no amulet) Stlth
                     A - +4 ring of protection
HPRegen 0.34/turn    (no ring)
MPRegen 0.13/turn

%: faith
@: no status effects
A: cold resistance 1, negative energy resistance 3, torment resistance 2, heat
vulnerability 1, in touch with death 1, no potions, faith
a: Renounce Religion, Draw Escape, Draw Destruction, Draw Summoning


You were on level 9 of the Dungeon.
You worshipped Nemelex Xobeh.
Nemelex Xobeh was pleased with you.
You visited 2 branches of the dungeon, and saw 11 of its levels.
You also visited: Sewer.

You collected 693 gold pieces.
You spent 432 gold pieces at shops.

Inventory:

Hand Weapons
 i - the +7 whip "Tufonaexe" {freeze, rN+}
   (You found it on level 2 of the Dungeon)

   rN:        It protects you from negative energy.
 n - the +6 shillelagh "Devastator" (weapon) {shatter}
   (You found it on level 3 of the Dungeon)
Missiles
 k - 3 throwing nets
 l - 13 boomerangs (quivered)
 x - 21 poisoned darts
Armour
 a - a +0 kite shield (worn)
 c - a +0 buckler
 u - a +0 plate armour (worn)
 C - a +3 leather armour of cold resistance
Jewellery
 A - a +4 ring of protection (left hand)
Wands
 p - a wand of roots (12)
 y - a wand of flame (35)
Scrolls
 b - a scroll of torment {unknown}
 d - 8 scrolls of identify {unknown}
 e - 6 scrolls of vulnerability {unknown}
 f - 5 scrolls of fear {unknown}
 g - 3 scrolls of blinking {unknown}
 h - 3 scrolls of poison {unknown}
 j - 3 scrolls of magic mapping {unknown}
 m - 3 scrolls of noise {unknown}
 o - 7 scrolls of teleportation {unknown}
 q - 3 scrolls of fog {unknown}
 r - 4 scrolls of immolation {unknown}
 s - a scroll of amnesia {unknown}
 v - 2 scrolls of silence {unknown}
 w - 2 scrolls of enchant weapon {unknown}
 z - a scroll of butterflies {unknown}
 B - a scroll of enchant armour {unknown}
Miscellaneous
 t - a box of beasts


   Skills:
 + Level 9.7 Fighting
 + Level 7.9 Maces & Flails
 - Level 7.4 Armour
 + Level 5.1 Shields
 - Level 3.5 Invocations


You had 9 spell levels left.
You didn't know any spells.
Your spell library contained the following spells:

 Spells                   Type           Power      Damage    Failure   Level
 Apportation              Tloc           0%         N/A       100%        1
 Freeze                   Ice            0%         1d3       100%        1
 Magic Dart               Conj           0%         1d3       100%        1
 Necrotise                Necr           0%         1d4       100%        1
 Summon Small Mammal      Summ           0%         N/A       100%        1
 Searing Ray              Conj           0%         2d4       100%        2
 Call Canine Familiar     Summ           0%         N/A       100%        3
 Frozen Ramparts          Ice            0%         1d1       100%        3
 Hailstorm                Conj/Ice       0%         3d3       100%        3
 Summon Guardian Golem    Hex/Summ       0%         N/A       100%        3
 Fulminant Prism          Conj/Hex       0%         3d5       100%        4


Dungeon Overview and Level Annotations

Branches:
Dungeon (10/15)            Temple (1/1) D:7           Sewer (visited)
   Lair: D:8-11         Orc: D:9-12

Altars:
Ashenzari
Cheibriados
Dithmenos
Fedhas
Gozag
Hepliaklqana
Kikubaaqudgha
Makhleb
Nemelex Xobeh
Okawaru
Qazlal
Ru
Sif Muna
Trog
Uskayaw
Vehumet
Wu Jian
Xom
Yredelemnul

Shops:
D:2 *=!=   D:7 *   D:9 !

Annotations:
D:9 Snorg
D:10 Harold


Innate Abilities, Weirdness & Mutations

You are immune to poison.
Your flesh is cold resistant. (rC+)
You are immune to negative energy. (rN+++)
You are immune to unholy pain and torment.
You are vulnerable to heat. (rF-)
You are in touch with the powers of death.
You do not drink.
You have a special connection with the divine. (Faith)


Message History

Snorg bites you but does no damage. You block Snorg's attack. Snorg claws you!
You sock Snorg!
Snorg shudders.
Snorg is moderately wounded. x2
The ice encasing you melts away. Snorg barely misses you.
You block Snorg's attack. Snorg claws you but does no damage.
Snorg bites you but does no damage. Snorg claws you but does no damage. x2
You hit Snorg.
Snorg shudders.
Snorg is heavily wounded. x2
Snorg closely misses you. Snorg barely misses you. You block Snorg's attack.
You barely miss Snorg.
Snorg is heavily wounded.
Snorg bites you but does no damage. Snorg claws you! You block Snorg's attack.
Snorg bites you but does no damage. Snorg claws you but does no damage.
Snorg barely misses you.
You hit Snorg.
Snorg shudders.
Snorg is heavily wounded. x2
Snorg bites you!! Snorg barely misses you. Snorg claws you!
* * * LOW HITPOINT WARNING * * *
You draw a card...
You have drawn the Elixir.
You begin rapidly regenerating health and magic.
Snorg bites you but does no damage. Snorg claws you but does no damage.
You block Snorg's attack. Snorg bites you!
* * * LOW HITPOINT WARNING * * *
Snorg claws you!
* * * LOW HITPOINT WARNING * * *
Snorg claws you but does no damage.
You draw a card...
You have drawn Velocity.
Snorg seems to slow down.
Snorg bites you.
* * * LOW HITPOINT WARNING * * *
Snorg claws you!
* * * LOW HITPOINT WARNING * * *
You block Snorg's attack.
You sock Snorg!
Snorg shudders.
Snorg is severely wounded. x2
Snorg bites you!
* * * LOW HITPOINT WARNING * * *
Snorg claws you but does no damage. Snorg claws you.
You die...
Your body glows slightly and disappears.

## ###...######........))##......
#####...######.........))..#####
#...#...#...##...#.#..###.)#####
#.<.#.8.#.>.##.#.#...####......#
#|..#...#...######.......)...#..
###.###.###.#######....####)#.###
.#...#...#...#...##.#....##.#...#
.......⌠.......T.##.###.....###.#
.#...#...#...#..@##.# ##........#
###.###.###.############........#
##...#...#÷÷÷# ###..............
##.<.#.8)#.>†####.####...###..###
##...#.))#..†##.....##.#####.####
######..)######........#.........
######...# #..........#...####
....##...# ###.########.### #
.......### #...........# #


You could see Snorg (berserk, slow).

Vanquished Creatures
  Joseph (D:8)
  A troll (D:6)
  A hornet (D:8)
  A shadow (D:9)
  12 yaks
  A wyvern (D:9)
  Eustachio (D:6)
  2 steam dragons
  2 water moccasins
  3 orc warriors (D:9)
  An ice beast (D:9)
  A sky beast (D:7)
  A black bear (D:8)
  4 ogres
  A wolf (D:10)
  3 centaurs
  A kobold brigand (D:6)
  A gnoll sergeant (D:9)
  4 bullfrogs
  A wyvern zombie (D:6)
  2 water moccasin zombies (D:6)
  12 wights
  5 killer bees (D:9)
  3 centaur zombies (D:6)
  2 jellies (D:5)
  A gnoll bouda (D:4)
  4 hounds
  9 orc priests
  5 iguanas
  Ijyb (D:4)
  10 orc wizards
  A killer bee zombie (D:6)
  20 gnolls
  6 adders
  A shadow imp (D:7)
  A white imp (D:7)
  An ufetubus (D:5)
  A worm (D:4)
  3 dart slugs
  33 orcs
  3 ball pythons
  10 endoplasms
  3 giant cockroaches
  11 goblins
  5 hobgoblins
  10 jackals
  A quokka (D:1)
  6 bats
  14 kobolds
  5 rats
232 creatures vanquished.

Notes
Turn   | Place    | Note
-------+----------+-------------------------------------------
     0 | D:1      | ringo67 the Mummy Fighter began the quest for the Orb.
     0 | D:1      | Reached XP level 1. HP: 18/18 MP: 1/1
   111 | D:1      | Reached XP level 2. HP: 24/24 MP: 2/2
   816 | D:2      | Found Hiveqas's Jewellery Emporium.
   832 | D:2      | Found Vusamoso's Distillery.
   856 | D:2      | Gained mutation: You are in touch with the powers of death.
                  | [Mummy growth]
   856 | D:2      | Reached XP level 3. HP: 25/29 MP: 3/3
   934 | D:2      | Found Suots's Jewellery Emporium.
  1047 | D:2      | Identified the +7 whip "Tufonaexe" {freeze, rN+}
  1088 | D:2      | Found Luira's General Store.
  1201 | D:2      | Reached XP level 4. HP: 22/35 MP: 4/4
  1472 | D:3      | Found a faded altar of an unknown god.
  1558 | D:3      | Found the +6 shillelagh "Devastator" {shatter}
  2358 | D:4      | Reached XP level 5. HP: 41/42 MP: 5/5
  2359 | D:4      | Reached skill level 4 in Fighting
  2400 | D:4      | Noticed Ijyb
  2412 | D:4      | Killed Ijyb
  2485 | D:4      | Identified the +0 sling "Soiteoh" {heavy, Contam Will++
                  | MP+9 SInv}
  2552 | D:4      | Noticed an ogre
  2560 | D:4      | Killed an ogre
  2561 | D:4      | Reached XP level 6. HP: 49/49 MP: 6/6
  2800 | D:4      | Found a glowing drain.
  2819 | Sewer    | Entered a sewer
  2847 | Sewer    | Noticed a water moccasin
  2852 | Sewer    | Killed a water moccasin
  2853 | Sewer    | Reached XP level 7. HP: 46/55 MP: 7/7
  3192 | D:4      | Reached skill level 5 in Fighting
  3304 | D:5      | Entered Level 5 of the Dungeon
  3763 | D:5      | Reached XP level 8. HP: 51/64 MP: 8/8
  3866 | D:5      | Reached skill level 6 in Fighting
  4067 | D:6      | Found a blossoming altar of Fedhas.
  4105 | D:6      | Reached skill level 5 in Armour
  4396 | D:6      | Noticed a troll
  4464 | D:6      | Reached skill level 5 in Maces & Flails
  4503 | D:6      | Reached skill level 7 in Fighting
  4505 | D:6      | Reached XP level 9. HP: 56/72 MP: 9/9
  4671 | D:6      | Found a basalt altar of Yredelemnul.
  5140 | D:6      | Killed a troll
  5618 | D:6      | Noticed Eustachio
  5640 | D:6      | Killed Eustachio
  5685 | D:6      | Noticed a cyclops
  6028 | D:7      | Found Nithehisi's General Store.
  6031 | D:7      | Found a staircase to the Ecumenical Temple.
  6060 | Temple   | Entered the Ecumenical Temple
  6203 | Temple   | Became a worshipper of Nemelex Xobeh the Trickster
  6226 | D:7      | Identified the +0 pair of boots of Summertime {+Blink rN++}
  6344 | D:7      | Found a stormy altar of Qazlal.
  6346 | D:7      | Found a snail-covered altar of Cheibriados.
  6571 | D:7      | Reached skill level 8 in Fighting
  6579 | D:7      | Reached skill level 1 in Invocations
  7027 | D:2      | Bought a +4 ring of protection for 432 gold pieces
  7109 | D:6      | Noticed a boulder beetle
  7251 | D:8      | Identified the +0 ring mail of Yfogh {Dex+6}
  7320 | D:8      | Noticed Joseph
  7553 | D:8      | Killed Joseph
  7554 | D:8      | Reached XP level 10. HP: 53/82 MP: 11/11
  7703 | D:8      | Reached * piety under Nemelex Xobeh
  7798 | D:8      | Received a gift from Nemelex Xobeh
  8034 | D:9      | Found Kuith's Distillery.
  8218 | D:9      | Reached skill level 9 in Fighting
  8354 | D:9      | Found a radiant altar of Vehumet.
  8355 | D:9      | Found a hide-covered altar of Uskayaw.
  8361 | D:9      | Found a bloodstained altar of Trog.
  8363 | D:9      | Found a broken altar of Ashenzari.
  8364 | D:9      | Found an opulent altar of Gozag.
  8366 | D:9      | Found a burning altar of Makhleb.
  8370 | D:9      | Found a sacrificial altar of Ru.
  8371 | D:9      | Found a hazy altar of Hepliaklqana.
  8928 | D:9      | Reached ** piety under Nemelex Xobeh
  8966 | D:10     | Entered Level 10 of the Dungeon
  9163 | D:10     | Reached skill level 5 in Shields
  9189 | D:10     | Noticed a two-headed ogre
  9189 | D:10     | Noticed Harold
  9230 | D:10     | Noticed Snorg
  9289 | D:9      | HP: 1/84 [Snorg (12)]
  9291 | D:9      | Slain by Snorg

Illustrated notes

Levels and vault maps discovered:
D:1:      mushboom_english_gardens, layout_basic
D:2:      layout_rooms, serial_shops, shop, shop_statue,
          nicolae_shop_competitors_out_of_business, shop
D:3:      layout_basic, chequers_ecumenical_altar_simple_redux
D:4:      layout_cave_pools, cheibrodos_sewer_entry_bend,
          minmay_misc_feat_ornament, uniq_ijyb
D:5:      layout_loops_ring
D:6:      layout_basic, nicolae_yredelemnul_corpse_copse, kennysheep_mini,
          minmay_three_doors, uniq_eustachio
D:7:      layout_cave_pods, chequers_temple_overflow_statue_of_worship,
          temple_statues, serial_shops, shop, kennysheep_generic_room_2
D:8:      layout_rooms, uniq_joseph
D:9:      layout_rooms, nicolae_overflow_hallway_of_the_gods, serial_shops,
          shop, nicolae_elevator_lobby_plus
D:10:     layout_irregular_city, hellmonk_lair_entry_icy, minmay_shop_chei,
          nicolae_shop_clearance, uniq_snorg, uniq_grum, uniq_harold
Temple:   nicolae_temple_colour_theory

Skill      XL: |  1  2  3  4  5  6  7  8  9 10 |
---------------+-------------------------------+-----
Maces & Flails | 2 3 4 5 6 7 |  7.9
Armour         | 3 4 5 7 |  7.4
Shields        | 3 4 5 |  5.1
Fighting       | 4 5 7 8 9 |  9.7
Invocations    | 2 3 |  3.5

Action                     |  1- 3 |  4- 6 |  7- 9 | 10-12 || total
---------------------------+-------+-------+-------+-------++-------
  Melee: Flail             |    86 |       |       |       ||    86
         Whip              |    10 |    12 |       |       ||    22
         Shillelagh        |       |    64 |   191 |   115 ||   370
  Throw: Boomerang         |       |     3 |     5 |       ||     8
 Invoke: Draw Escape       |       |       |       |     2 ||     2
         Draw Destruction  |       |       |       |     1 ||     1
 Armour: Scale mail        |    45 |    16 |     4 |       ||    65
         Plate armour      |       |       |   106 |    80 ||   186
  Dodge: Dodged            |    39 |    36 |    68 |    43 ||   186
  Block: Buckler           |    19 |    10 |    43 |    15 ||    87
         Kite shield       |       |       |       |    36 ||    36
